 Dungeon Crawl Stone Soup version 0.30.1-9-gdf580d7c3d (webtiles) character file.

Game seed: 1282581600169325994

4260 lonewolfV2 the Fighter (level 10, -2/85 HPs)
             Began as a Demonspawn Fighter on Oct 23, 2023.
             Was a Follower of Cheibriados.
             Slain by a two-headed ogre
             ... wielding a +0 giant club
              (15 damage)
             ... on level 8 of the Dungeon.
             The game lasted 00:15:06 (6730 turns).

lonewolfV2 the Fighter (Demonspawn Fighter)         Turns: 6730, Time: 00:15:07

Health: -2/85      AC: 14    Str: 23    XL:     10   Next: 10%
Magic:  10/10      EV:  8    Int: 12    God:    Cheibriados [*.....]
Gold:   452        SH:  6    Dex: 22    Spells: 9/9 levels left

rFire   . . .        y - +5 hand axe "Plog" {flame, Dex+2}
rCold   . . .        c - +0 buckler
rNeg    . . .        s - +0 chain mail
rPois   .            (helmet restricted)
rElec   .            (no cloak)
rCorr   .            (no gloves)
SInv    .            f - +1 pair of boots
Will    .....        n - amulet of regeneration Stlth
                     j - +6 ring of dexterity
HPRegen 1.14/turn    (no ring)
MPRegen 0.12/turn

%: no passive effects
@: very slow
A: antennae 1, thin metallic scales 2, ignite blood 1, powered by pain 2
a: Renounce Religion, Bend Time


You were on level 8 of the Dungeon.
You worshipped Cheibriados.
Cheibriados was aware of your devotion.
You visited 2 branches of the dungeon, and saw 9 of its levels.

You collected 452 gold pieces.

Inventory:

Hand Weapons
 a - a +1 war axe
 y - the +5 hand axe "Plog" (weapon) {flame, Dex+2}
   (You found it on level 7 of the Dungeon)

   Dex:       It affects your dexterity (+2).
Missiles
 q - a throwing net (quivered)
Armour
 b - a +0 scale mail
 c - a +0 buckler (worn)
 f - a +1 pair of boots (worn)
 o - the +2 helmet "Xisoakhli" {*Corrode Str+4 Slay+2}
   (You found it on level 2 of the Dungeon)

   Str:       It affects your strength (+4).
   Slay:      It affects your accuracy & damage with ranged weapons and melee
   (+2).
   *Corrode:  It may corrode you when you take damage.
 s - a +0 chain mail (worn)
 t - the orb "Deiqeare" {guile, Rampage}
   (You found it on level 4 of the Dungeon)

   Rampage:   It bestows one free step when moving towards enemies.
   Cheibriados disapproves of the use of such an item.
Jewellery
 e - a ring of wizardry
 j - a +6 ring of dexterity (left hand)
 n - an amulet of regeneration (around neck)
 v - a ring of magical power
Wands
 p - a wand of flame (36)
 w - a wand of polymorph (14)
 A - a wand of charming (11)
Scrolls
 g - a scroll of blinking
 h - 4 scrolls of identify
 m - a scroll of enchant weapon
 r - 4 scrolls of teleportation
Potions
 d - 2 potions of might
 i - 3 potions of curing
 k - a potion of mutation
 l - a potion of heal wounds
 u - a potion of lignification
 x - a potion of degeneration
 z - a potion of attraction
 B - a potion of flight {unknown}


   Skills:
 + Level 10.3 Fighting
 + Level 9.2 Axes
 - Level 3.1 Armour
 + Level 4.9 Shields


You had 9 spell levels left.
You didn't know any spells.
Your spell library contained the following spells:

 Spells                   Type           Power      Damage    Failure   Level
 Apportation              Tloc           0%         N/A       94%         1
 Foxfire                  Conj/Fire      0%         2x1d4     94%         1
 Necrotise                Necr           0%         1d4       94%         1
 Slow                     Hex            0%         N/A       94%         1
 Summon Small Mammal      Summ           0%         N/A       94%         1
 Blink                    Tloc           0%         N/A       98%         2
 Confusing Touch          Hex            0%         N/A       100%        3
 Vampiric Draining        Necr           0%         2d6       100%        3
 Manifold Assault         Tloc           0%         N/A       100%        4
 Blade Hands              Tmut           0%         N/A       100%        5
 Fireball                 Conj/Fire      0%         3d3       100%        5
 Irradiate                Conj/Tmut      0%         3d11      100%        5
 Plasma Beam              Fire/Air       0%         2x1d11    100%        6
 Starburst                Conj/Fire      0%         6d3       100%        6
 Dragon Form              Tmut           0%         N/A       100%        7
 Storm Form               Tmut/Air       0%         N/A       100%        7


Dungeon Overview and Level Annotations

Branches:
Dungeon (8/15)             Temple (1/1) D:7
   Lair: D:8-11

Altars:
Ashenzari
Cheibriados
Fedhas
Gozag
Hepliaklqana
Kikubaaqudgha
Makhleb
Nemelex Xobeh
Qazlal
Ru
Sif Muna
Trog
Vehumet
Wu Jian
Xom
Yredelemnul
Lugonu


Innate Abilities, Weirdness & Mutations

You have a pair of small antennae on your head.
You are mostly covered in thin metallic scales. (AC +3)
Your demonic aura sometimes causes spilled blood to erupt in flames.
You sometimes gain power by taking damage.


Message History

i - 3 potions of curing (gained 1)
Things that are here:
a +0 shortbow; 4 stones; +0 pearl dragon scales
p - a wand of flame (36) (gained 16 charges)
i - 4 potions of curing (gained 1)
Things that are here:
a +3 dagger of chaos; a +0 robe; the human corpse of Psyche
Things that are here:
a +0 shortbow; 4 stones; +0 pearl dragon scales
h - 4 scrolls of identify (gained 1)
Things that are here:
a +0 long sword; an elf corpse
There is an open gate here.
d - 2 potions of might (gained 1) Could not explore, unopened door.
Could not explore, unopened door.
You open the gate.
There is an open gate here.
You now have 452 gold pieces (gained 22).
Found a ring mail.
You see here a +0 ring mail.
Found a burning altar of Makhleb.
A two-headed ogre comes into view. It is wielding two +0 giant clubs.
The two-headed ogre shouts in stereo!
The two-headed ogre closely misses you. x2
You barely miss the two-headed ogre.
The two-headed ogre hits you with a +0 giant club!
The two-headed ogre hits you with a +0 giant club!!
You barely miss the two-headed ogre. You slash the two-headed ogre!
You burn the two-headed ogre.
The two-headed ogre is moderately wounded.
The two-headed ogre hits you with a +0 giant club! x2
You slash the two-headed ogre! You burn the two-headed ogre.
The two-headed ogre is heavily wounded.
You feel better.
The two-headed ogre is engulfed in blazing flames.
The two-headed ogre hits you with a +0 giant club!!
* * * LOW HITPOINT WARNING * * *
The two-headed ogre hits you with a +0 giant club!
You die...

# . #.. .§.§§§.... ...
....§.≈≈≈≈≈.≈ ...
...≈.≈...≈.≈ ... ...
..≈.≈._.≈.≈
#######...######.≈.≈...≈.≈
......#.........○≈.≈.≈≈≈.≈
......#...##.##○O≈.......≈
###'''#...##.##.@≈§≈≈≈≈≈≈.
..'...#.#....##...........
..'...#.#..#.##.###.#..###
..'...#...#...#.###... #
###'''#.............###
......#.###...#######
......#[# ##### #######.#
........#


You could see a two-headed ogre.

Vanquished Creatures
  Pikel (D:5)
  A deep elf zephyrmancer (D:8)
  Psyche (D:8)
  A yak (D:8)
  Edmund (D:5)
  Duvessa (D:5)
  2 black bears (D:6)
  2 ice beasts
  An ogre (D:7)
  3 centaurs
  2 phantoms
  3 kobold brigands
  2 bullfrogs (D:8)
  2 scorpions (D:4)
  Dowan (D:5)
  7 wights (D:6)
  A howler monkey (D:7)
  8 orc priests
  2 jellies
  Crazy Yiuf (D:5)
  7 hounds
  Jessica (D:3)
  Ijyb (D:3)
  Terence (D:3)
  A sleepcap (D:7)
  An iguana (D:5)
  2 orc wizards
  13 adders
  A gnoll (D:3)
  A shadow imp (D:6)
  A white imp (D:6)
  An ufetubus (D:4)
  5 dart slugs
  18 orcs
  7 bats
  7 endoplasms
  4 giant cockroaches
  11 goblins
  6 hobgoblins
  10 jackals
  2 quokkas
  7 ball pythons
  3 frilled lizards
  18 kobolds
  8 rats
180 creatures vanquished.

Notes
Turn   | Place    | Note
-------+----------+-------------------------------------------
     0 | D:1      | lonewolfV2 the Demonspawn Fighter began the quest for the
                  | Orb.
     0 | D:1      | Reached XP level 1. HP: 18/18 MP: 1/1
   214 | D:1      | Gained mutation: You are partially covered in thin metallic
                  | scales. (AC +2) [demonic ancestry]
   214 | D:1      | Reached XP level 2. HP: 24/24 MP: 2/2
   695 | D:2      | Reached XP level 3. HP: 29/29 MP: 3/3
   846 | D:2      | Found a faded altar of an unknown god.
   858 | D:2      | Gained mutation: You sometimes gain a little power by
                  | taking damage. [demonic ancestry]
   858 | D:2      | Reached XP level 4. HP: 35/36 MP: 4/4
  1013 | D:2      | Identified the +2 helmet "Xisoakhli" {*Corrode Str+4
                  | Slay+2}
  1606 | D:3      | Reached skill level 4 in Fighting
  1643 | D:3      | Noticed Terence
  1658 | D:3      | Killed Terence
  1659 | D:3      | Reached XP level 5. HP: 24/42 MP: 5/5
  1756 | D:3      | Noticed Ijyb
  1772 | D:3      | Killed Ijyb
  1997 | D:3      | Found an ancient bone altar of Kikubaaqudgha.
  2000 | D:3      | Found a blossoming altar of Fedhas.
  2606 | D:3      | Gained mutation: Your demonic aura sometimes causes spilled
                  | blood to erupt in flames. [demonic ancestry]
  2606 | D:3      | Reached XP level 6. HP: 48/49 MP: 6/6
  2630 | D:3      | Noticed Jessica
  2634 | D:3      | Killed Jessica
  2796 | D:4      | Reached skill level 5 in Fighting
  3237 | D:4      | Found a sparkling altar of Nemelex Xobeh.
  3307 | D:4      | Identified the orb "Deiqeare" {guile, Rampage}
  3419 | D:4      | Gained mutation: You are mostly covered in thin metallic
                  | scales. (AC +3) [demonic ancestry]
  3419 | D:4      | Reached XP level 7. HP: 57/57 MP: 7/7
  3780 | D:5      | Entered Level 5 of the Dungeon
  3785 | D:5      | Noticed Pikel
  3797 | D:5      | Killed Pikel
  3798 | D:5      | Reached skill level 7 in Fighting
  3798 | D:5      | Gained mutation: You sometimes gain power by taking damage.
                  | [demonic ancestry]
  3798 | D:5      | Reached XP level 8. HP: 62/67 MP: 8/8
  4026 | D:5      | Noticed Dowan
  4032 | D:5      | Noticed Edmund
  4034 | D:5      | Killed Dowan
  4037 | D:5      | Noticed Duvessa
  4047 | D:5      | Killed Duvessa
  4048 | D:5      | Killed Edmund
  4049 | D:5      | Reached skill level 8 in Fighting
  4131 | D:5      | Found a large runed translucent door.
  4132 | D:5      | Found a large runed translucent door.
  4155 | D:5      | Found an opulent altar of Gozag.
  4171 | D:5      | Found a stormy altar of Qazlal.
  4315 | D:5      | Found a runed translucent door.
  4316 | D:5      | Noticed Crazy Yiuf
  4333 | D:5      | Killed Crazy Yiuf
  4583 | D:6      | Gained mutation: You have a pair of small antennae on your
                  | head. [demonic ancestry]
  4583 | D:6      | Reached XP level 9. HP: 75/75 MP: 9/9
  4608 | D:6      | Reached skill level 9 in Fighting
  4887 | D:6      | Found a sacrificial altar of Ru.
  5300 | D:7      | Identified the +5 hand axe "Plog" {flame, Dex+2}
  5391 | D:7      | Found a hazy altar of Hepliaklqana.
  5539 | D:7      | Found a staircase to the Ecumenical Temple.
  5554 | Temple   | Entered the Ecumenical Temple
  5760 | Temple   | Became a worshipper of Cheibriados the Contemplative
  6535 | D:8      | Reached * piety under Cheibriados
  6631 | D:8      | Noticed Psyche
  6637 | D:8      | Reached skill level 10 in Fighting
  6637 | D:8      | Killed Psyche
  6645 | D:8      | Noticed a deep elf zephyrmancer
  6652 | D:8      | Killed a deep elf zephyrmancer
  6653 | D:8      | Reached XP level 10. HP: 73/85 MP: 10/10
  6717 | D:8      | Found a burning altar of Makhleb.
  6722 | D:8      | Noticed a two-headed ogre
  6730 | D:8      | Slain by a two-headed ogre

Illustrated notes

Levels and vault maps discovered:
D:1:      lightli_arrival_flooded_house, layout_rooms, st_stairs_12
D:2:      layout_loops_ring, serial_forest, infiniplex_forest_clump_long,
          infiniplex_forest_clump_diagonal, infiniplex_forest_lined_2,
          infiniplex_forest_clump_C, infiniplex_forest_lined_2,
          infiniplex_forest_clump_medium, dreamdust_ecumenical_altar_grove,
          chequers_serial_rivers_small_3, minmay_box_of_dots
D:3:      layout_basic, grunt_temple_overflow_growth_and_decay,
          minmay_misc_feat_tiny, minmay_crystal_water, cheibrodos_gnoll_hut,
          uniq_ijyb, uniq_jessica, uniq_terence
D:4:      minmay_chambers_of_twos, layout_cave_pods, nemelex_spade_bored_becter,
          serial_rivers, chequers_serial_rivers_marsh,
          chequers_serial_rivers_small_3, chequers_serial_rivers_micro_c,
          chequers_serial_rivers_micro_e, chequers_serial_rivers_marsh,
          chequers_serial_rivers_micro_e
D:5:      layout_rooms, jmf_multi_god_temple2, uniq_pikel,
          uniq_crazy_yiuf_cottage, uniq_edmund, uniq_duvessa
D:6:      layout_loops_cross, mainiacjoe_overflow_cross_hatched,
          hangedman_decor_lopped
D:7:      layout_loops_corners, marbit_many_paths, nzn_hepliaklqana_mist_gate,
          minmay_temple_entry_statues_fountains, chequers_avenue,
          hangedman_decor_clover_reticule, minivault_27, minmay_holes
D:8:      wad_river_or_something, layout_loops_cross,
          mainiacjoe_overflow_concentric_impassable,
          gammafunk_temple_overflow_forgotten, guppyfry_early_elven_hall,
          uniq_psyche
Temple:   kb_corrupted_temple

Skill      XL: |  1  2  3  4  5  6  7  8  9 |
---------------+----------------------------+-----
Axes           | 2 3 4 6 7 9 |  9.2
Shields        | 3 4 |  4.9
Armour         | 3 |  3.1
Fighting       | 4 5 7 8 10 | 10.3

Action                     |  1- 3 |  4- 6 |  7- 9 | 10-12 || total
---------------------------+-------+-------+-------+-------++-------
  Melee: War axe           |   118 |   174 |   147 |       ||   439
         Unarmed           |       |       |    13 |       ||    13
         Punch             |       |       |     1 |       ||     1
         Hand axe          |       |       |    75 |     6 ||    81
    Use: Scroll            |     6 |     5 |     6 |       ||    17
         Potion            |       |     1 |     2 |     1 ||     4
 Armour: Scale mail        |    78 |    84 |       |       ||   162
         Chain mail        |       |    42 |   151 |     1 ||   194
  Dodge: Dodged            |    69 |    86 |   113 |     2 ||   270
  Block: Buckler           |    27 |    54 |    22 |     1 ||   104
